 Dungeon Crawl Stone Soup version 0.31-a0-236-g9a0961fb85 (webtiles) character file.

Game seed: 4220186920254248619

67 qw the Shooter (level 4, -2/26 HPs)
             Began as a Gargoyle Hexslinger on July 9, 2023.
             Slain by Blork the orc
             ... wielding a +3 halberd of protection
              (11 damage)
             ... on level 4 of the Dungeon.
             The game lasted 00:00:51 (2121 turns).

qw the Shooter (Gargoyle Hexslinger)                Turns: 2121, Time: 00:00:51

Health: -2/26      AC:  9    Str: 11    XL:     4   Next: 18%
Magic:  5/5        EV: 10    Int: 14    God:
Gold:   170        SH:  0    Dex: 14    Spells: 4/5 levels left

rFire   . . .        Y - +4 sling (freeze)
rCold   . . .        (no shield)
rNeg    + . .        e - +0 ring mail
rPois   inf          (no helmet)
rElec   +            (no cloak)
rCorr   .            (no gloves)
SInv    .            b - +0 pair of boots
Will    .....        (no amulet)
Stlth   +            (no ring)
HPRegen 0.24/turn    (no ring)
MPRegen 0.09/turn

%: no passive effects
@: no status effects
A: sickness immunity, AC +3, negative energy resistance 1, electricity
resistance, torment resistance 1, petrification resistance
a: no special abilities


You were on level 4 of the Dungeon.
You visited 1 branch of the dungeon, and saw 4 of its levels.

You collected 170 gold pieces.


Innate Abilities, Weirdness & Mutations

You are immune to sickness and miasma.
Your stone body is resilient. (AC +3)
You are immune to poison.
You resist negative energy. (rN+)
You are resistant to electric shocks. (rElec)
You are resistant to unholy torment.
You are immune to petrification.


   Skills:
 - Level 2.0 Fighting
 + Level 3.6 Ranged Weapons
 - Level 1.4 Armour
 - Level 1.5 Dodging
 - Level 1.0 Spellcasting
 - Level 2.6 Hexes


You had 4 spell levels left.
You knew the following spells:

 Your Spells              Type           Power      Damage    Failure   Level
a - Slow                  Hex            32%        N/A       21%         1

Your spell library contained the following spells:

 Spells                   Type           Power      Damage    Failure   Level
 Inner Flame              Hex/Fire       4%         N/A       71%         3
 Portal Projectile        Hex/Tloc       8%         N/A       71%         3
 Cause Fear               Hex            4%         N/A       90%         4

Inventory:

Hand Weapons
 Y - a +4 sling of freezing (weapon)
Armour
 b - a +0 pair of boots (worn)
 e - a +0 ring mail (worn)
Scrolls
 f - a scroll of identify
 g - 2 scrolls of teleportation
Potions
 a - a potion of might
 c - a potion of heal wounds
 d - a potion of attraction {unknown}
 h - a potion of berserk rage {unknown}
 i - a potion of resistance

Dungeon Overview and Level Annotations

Branches:
Dungeon (4/15)
 Temple: D:4-7

Altars:

Annotations:
D:4 Blork the orc


Message History

Things that are here:
a +0 short sword; 2 stones; a kobold corpse You open the door.
Blork the orc and a ball python come into view.
Blork the orc is wielding a +3 halberd of protection.
Blork the orc shouts!
The ball python hisses angrily.
Found a sharpened ivory wand and a falchion.
You shoot a sling bullet. The sling bullet hits Blork the orc.
The sling bullet freezes Blork the orc.
Blork the orc is lightly wounded.
Blork the orc casts a spell.
Blork the orc seems to speed up.
You shoot a sling bullet.
The sling bullet hits Blork the orc but does no damage.
Blork the orc is lightly wounded.
Blork the orc closely misses you.
Blork the orc gestures at you while chanting.
The magic dart hits you.
You shoot a sling bullet.
The sling bullet closely misses the ball python.
The sling bullet hits Blork the orc but does no damage.
Blork the orc is lightly wounded.
Blork the orc hits you from afar with a +3 halberd of protection!
The ball python barely misses you. The ball python grabs you.
The ball python constricts you. Blork the orc completely misses you.
You shoot a sling bullet. The sling bullet hits the ball python!
The ball python seems to slow down.
The sling bullet freezes the ball python.
You kill the ball python!
Blork the orc screams, "I'll crush all your ribs!
One by one!"
Blork the orc casts a spell at you.
The magic dart hits you but does no damage.
Blork the orc screams, "I'll drink your blood!
Soon!"
Blork the orc hits you from afar with a +3 halberd of protection.
You shoot a sling bullet. The sling bullet hits Blork the orc.
The sling bullet freezes Blork the orc.
Blork the orc is moderately wounded.
Blork the orc screams, "I'll cover the dungeon with your blood!"
Blork the orc hits you from afar with a +3 halberd of protection!
You die...

#...).....#
+.........+
......../ .......
..... .o. #'#
#.########@#######
#....<............
#.#######).######.
#...# ......#
+##....# #.####
+.. #.#


You could see Blork the orc (fast).

Vanquished Creatures
  An adder (D:2)
  2 worms (D:2)
  A dart slug (D:1)
  5 endoplasms
  2 giant cockroaches (D:1)
  5 goblins
  4 hobgoblins
  4 jackals (D:1)
  6 kobolds
  8 ball pythons
  2 bats (D:3)
  A frilled lizard (D:1)
  6 rats
47 creatures vanquished.

Vanquished Creatures (others)
  Sigmund (D:2)
1 creature vanquished.

Grand Total: 48 creatures vanquished

Notes
Turn   | Place    | Note
-------+----------+-------------------------------------------
     0 | D:1      | qw the Gargoyle Hexslinger began the quest for the Orb.
     0 | D:1      | Reached XP level 1. HP: 12/12 MP: 2/2
     0 | D:1      | 0 ||| qw: Version: 0.3-a-51-g015441d
     0 | D:1      | 0 ||| qw: Game counter: 4390
     0 | D:1      | 0 ||| qw: Melee chars always use a shield: true
     0 | D:1      | 0 ||| qw: God list: Okawaru
     0 | D:1      | 0 ||| qw: Allow faded altars: false
     0 | D:1      | 0 ||| qw: Do Orc after clearing Dungeon:15 true
     0 | D:1      | 0 ||| qw: Do second Lair branch before Depths: true
     0 | D:1      | 0 ||| qw: Lair rune preference: random
     0 | D:1      | 0 ||| qw: Goals: Normal
     0 | D:1      | 0 ||| PLANNING D:1-11
    36 | D:1      | Reached XP level 2. HP: 16/16 MP: 3/3
   137 | D:1      | Reached skill level 3 in Ranged Weapons
   274 | D:1      | 274 ||| FLEEEEING.
   285 | D:1      | Reached XP level 3. HP: 21/21 MP: 4/4
   706 | D:1      | 706 ||| UPGRADING to +0 ring mail.
   716 | D:1      | 716 ||| DROPPING +0 robe.
   717 | D:1      | 717 ||| READING 2 scrolls labelled YZOEMU VASIS.
   718 | D:1      | 718 ||| READING scroll of enchant weapon.
   718 | D:1      | 718 ||| ENCHANTING +2 sling.
   719 | D:1      | 719 ||| READING 2 scrolls labelled BYTUSI QOEPPA.
   720 | D:1      | 720 ||| READING scroll labelled ARUIMN ADAYBRU.
   724 | D:1      | 724 ||| READING scroll labelled LORERA UTIU.
   725 | D:1      | 725 ||| READING scroll labelled KETSAG MARUSASM.
   726 | D:1      | 726 ||| READING scroll labelled GYUL TYQED.
   727 | D:1      | 727 ||| DROPPING scroll of poison.
   798 | D:2      | Noticed Sigmund
   802 | D:2      | 802 ||| FLEEEEING.
   822 | D:2      | Killed Sigmund
   828 | D:2      | HP: 5/21 [hobgoblin/sling bullet (2)]
   829 | D:2      | 829 ||| FLEEEEING.
   830 | D:2      | 830 ||| FLEEEEING.
   831 | D:2      | 831 ||| FLEEEEING.
   832 | D:2      | 832 ||| FLEEEEING.
   835 | D:2      | 835 ||| FLEEEEING.
   836 | D:2      | 836 ||| FLEEEEING.
   838 | D:2      | 838 ||| FLEEEEING.
   839 | D:2      | 839 ||| FLEEEEING.
   840 | D:2      | 840 ||| FLEEEEING.
   841 | D:2      | 841 ||| STAIRDANCE
   898 | D:1      | 898 ||| UPGRADING to +0 pair of boots.
   903 | D:1      | 903 ||| READING scroll labelled KAHOLER HUEFFI.
   906 | D:2      | 906 ||| STAIRDANCE
  1221 | D:2      | Reached skill level 1 in Armour
  1251 | D:2      | Reached XP level 4. HP: 25/26 MP: 5/5
  1374 | D:2      | 1374 ||| DRINKING 2 red potions.
  1375 | D:2      | 1375 ||| DRINKING 2 fizzy green potions.
  1376 | D:2      | 1376 ||| READING 2 scrolls of identify.
  1376 | D:2      | 1376 ||| IDENTIFYING yellow potion
  1485 | D:3      | Found a faded altar of an unknown god.
  1938 | D:3      | 1938 ||| READING scroll of enchant weapon.
  1938 | D:3      | 1938 ||| ENCHANTING +3 sling of freezing.
  1983 | D:3      | 1983 ||| DROPPING ring of magical power.
  1984 | D:3      | 1984 ||| READING scroll labelled BIXTYB LICWA.
  1985 | D:3      | 1985 ||| READING scroll labelled YNONAOSOED.
  2116 | D:4      | Noticed Blork the orc
  2121 | D:4      | Slain by Blork the orc

Levels and vault maps discovered:
D:1:      amcnicky_arrival_wind_blow, layout_basic,
          chequers_serial_rivers_micro_b
D:2:      layout_rooms, serial_curves, eino_curves_03, eino_curves_03,
          eino_curves_04, eino_curves_03, uniq_sigmund
D:3:      layout_basic, dreamdust_ecumenical_altar_grove, serial_bayou_crossing
D:4:      lemuel_castle_with_subvaults [lemuel_castle_interior_carwin_1],
          layout_loops_corners, temple_fountains, serial_glass, glass_columns_a,
          glass_columns_a, grunt_ministairs_13, uniq_natasha, uniq_menkaure,
          uniq_blork_the_orc

Skill      XL: |  1  2  3 |
---------------+----------+-----
Ranged Weapons | 3 |  3.6
Fighting       | 2 |  2.0
Armour         | 1 |  1.4
Dodging        | |  1.5
Spellcasting   | |  1.0
Hexes          | |  2.6

Action                     |  1- 3 |  4- 6 || total
---------------------------+-------+-------++-------
   Fire: Sling             |   114 |    21 ||   135
    Use: Scroll            |     8 |     4 ||    12
         Potion            |       |     2 ||     2
 Armour: Robe              |     6 |       ||     6
         Ring mail         |     8 |     2 ||    10
  Dodge: Dodged            |    24 |     6 ||    30

Table legend:
 A = Non-vault XP
 B = Vault XP
 C = Vault XP percentage of total XP
 D = Non-vault monster count
 E = Vault monster count
 F = Vault count percentage of total count
                 A         B        C        D         E       F
            +---------+---------+-------+---------+---------+-------
      Total |      97 |       0 |   0.0 |      47 |       0 |   0.0
            +---------+---------+-------+---------+---------+-------
        D:1 |      46 |       0 |   0.0 |      27 |       0 |   0.0
        D:2 |      36 |       0 |   0.0 |      11 |       0 |   0.0
        D:3 |      10 |       0 |   0.0 |       6 |       0 |   0.0
        D:4 |       5 |       0 |   0.0 |       3 |       0 |   0.0
            +---------+---------+-------+---------+---------+-------
